Map: Odyssee LE

Players

BadTime

  • Race: Zerg Zerg
  • Spawn Location: 5:00

Bloodforce - Winner!

  • Race: Zerg Zerg
  • League: Silver
  • Spawn Location: 11:00

VOD

Have the link to the VOD?

Description

Time

  • Played on: Dec. 1, 2017, 2:31 a.m.
  • Length: 15:15
Show
View Real Time Build Order
Export as new Build Order

BadTime Zerg 

Build Orders: Hatch First 

Get SALT Encoding   

  12  0:46  Drone x2  
  14  0:51  Overlord  
  14  1:07  Overlord  
  14  1:12  Drone  
  15  1:22  Hatchery  
  15  1:23  Drone  
  15  1:27  Spawning Pool  
  15  1:31  Drone  
  15  1:37  Extractor  
  14  1:44  Drone  
  15  1:53  Drone  
  16  2:02  Drone  
  17  2:15  Zergling x2  
  18  2:16  Queen  
  20  2:23  Zergling x2  
  21  2:40  Baneling Nest  
  21  2:41  Drone  
  21  2:48  Drone x2  
  23  2:51  Queen  
  25  3:03  Drone x2  
  25  3:04  Drone  
  28  3:09  Queen  
  28  3:11  Drone x2  
  32  3:14  Metabolic Boost  
  32  3:30  Zergling x4  
  32  3:31  Baneling  
  32  3:32  Baneling x2  
  34  3:57  Drone x2  
  34  3:59  Overlord x2  
  36  4:09  Overlord x2  
  36  4:47  Zergling x6  
  39  5:03  Zergling x8  
  39  5:04  Zergling x6  
  39  5:05  Lair  
  39  5:06  Drone  
  47  5:33  Roach Warren  
  46  5:43  Baneling x4  
  46  5:44  Drone  
  46  5:47  Zergling x10  
  46  5:49  Overlord x2  
  52  5:56  Pneumatized Carapace  
  52  6:08  Drone x2  
  54  6:12  Overlord x2  
  54  6:22  Hatchery  
  53  6:29  Centrifical Hooks  
  53  6:33  Extractor  
  53  6:35  Drone x2  
  53  6:36  Drone  
  53  6:38  Zergling x2  
  53  6:39  Queen, Zergling x6  
  65  6:40  Roach x2  
  59  7:01  Zergling x8  
  62  7:02  Roach x2  
  67  7:11  Evolution Chamber  
  67  7:13  Evolution Chamber  
  65  7:19  Ravager  
  66  7:23  Ravager  
  66  7:27  Drone x2  
  66  7:28  Drone x3  
  72  7:35  Drone  
  72  7:36  Extractor  
  72  7:52  Drone  
  72  7:53  Drone x8  
  72  7:55  Overlord  
  72  7:56  Overlord  
  81  8:17  Ravager x2  
  83  8:22  Drone x3  
  83  8:23  Drone x2  
  88  8:29  Drone x2  
  88  8:33  Extractor  
  88  8:34  Zergling x8, Roach  
  91  8:35  Zergling x6, Roach  
  100  8:43  Zerg Melee Weapons Level 1  
  100  8:44  Zerg Ground Armor Level 1  
  60  9:20  Zergling x2  
  60  9:21  Zergling x18  
  71  9:24  Ravager  
  71  9:25  Ravager  
  71  9:41  Zergling x8, Roach  
  71  9:42  Zergling x6, Roach x2  
  74  10:05  Zergling x4  
  74  10:06  Zergling x6, Roach  
  74  10:07  Roach x4  
  89  10:19  Drone  
  89  10:20  Drone  
  89  10:21  Queen, Drone x3  
  94  10:26  Drone  
  94  10:28  Zergling x2  
  98  10:47  Hydralisk Den, Zerg Ground Armor Level 2  
  98  10:49  Zerg Missile Weapons Level 1  
  97  10:56  Baneling x3  
  97  10:57  Baneling x4  
  97  11:08  Overlord x3  
  97  11:09  Overlord  
  95  11:26  Queen  
  79  12:02  Queen  
  72  12:24  Hydralisk  
  72  12:25  Hydralisk x12  
  82  12:46  Drone  
  82  12:47  Drone x7  
  65  13:18  Drone x2  
  67  13:28  Hatchery  
  67  13:31  Queen  
  67  13:32  Queen  
  63  13:41  Hatchery  
  63  13:42  Muscular Augments  
  63  13:47  Drone x3  
  63  13:48  Drone x3  
  68  14:07  Queen  
  68  14:08  Queen  
  72  14:11  Spore Crawler  
  72  14:12  Spore Crawler  
  72  14:13  Drone x2  
  69  14:38  Ravager  
  69  14:39  Ravager  
  69  14:40  Ravager  
  72  14:47  Zergling x2  
  71  14:57  Drone x5  
Show
View Real Time Build Order
Export as new Build Order

Bloodforce Zerg - Winner!

Build Orders: Pool First 

Get SALT Encoding   

  12  0:03  Drone  
  13  0:08  Drone  
  14  0:18  Extractor  
  14  0:19  Drone  
  15  0:24  Overlord  
  15  0:39  Spawning Pool  
  14  0:43  Drone  
  14  0:45  Drone  
  16  0:50  Extractor  
  16  0:51  Drone  
  16  0:59  Drone  
  17  1:14  Drone  
  18  1:19  Evolution Chamber  
  18  1:21  Drone  
  18  1:31  Drone  
  19  1:41  Drone  
  19  1:43  Hatchery  
  19  1:47  Queen  
  21  1:55  Drone  
  22  2:08  Overlord  
  22  2:25  Overlord  
  22  2:27  Drone  
  23  2:31  Hatchery  
  23  2:32  Extractor, Zerg Melee Weapons Level 1  
  23  2:36  Drone  
  22  2:46  Drone  
  23  2:55  Queen  
  23  2:57  Drone  
  26  2:59  Drone  
  27  3:07  Zergling x2  
  27  3:11  Drone x3  
  31  3:15  Drone  
  31  3:17  Drone  
  33  3:30  Overlord  
  33  3:31  Queen  
  33  3:33  Drone  
  36  3:37  Extractor  
  35  3:43  Queen  
  35  3:44  Drone  
  38  3:54  Drone  
  38  3:55  Drone  
  40  3:57  Drone  
  40  4:01  Zergling x6  
  44  4:17  Drone x2  
  44  4:19  Drone x3  
  44  4:20  Drone x3  
  52  4:26  Zerg Missile Weapons Level 1  
  52  4:56  Overlord x2  
  52  4:57  Overlord x2  
  52  5:02  Baneling Nest  
  51  5:08  Spine Crawler  
  51  5:10  Overlord x3  
  50  5:14  Drone  
  50  5:15  Drone x2  
  50  5:18  Drone x3  
  50  5:19  Drone x2  
  58  5:23  Lair  
  58  5:32  Drone  
  59  5:36  Drone x2  
  59  5:39  Zergling x6  
  59  5:40  Zergling x4  
  66  5:48  Lair  
  66  5:52  Extractor  
  65  6:03  Hatchery  
  64  6:09  Metabolic Boost  
  64  6:16  Drone x2  
  64  6:17  Drone x3  
  69  6:21  Zerg Ground Armor Level 1  
  69  6:24  Extractor  
  68  6:28  Spore Crawler  
  67  6:34  Spine Crawler  
  66  6:40  Spine Crawler  
  66  6:45  Spore Crawler  
  65  6:47  Drone x5  
  65  6:48  Drone  
  62  6:57  Drone  
  62  6:58  Drone x3  
  65  7:05  Drone x2  
  65  7:08  Extractor  
  66  7:11  Drone  
  66  7:13  Drone  
  68  7:25  Zergling x4  
  68  7:26  Zergling x14  
  77  7:32  Drone  
  77  7:33  Drone  
  77  7:34  Queen  
  81  7:40  Pneumatized Carapace  
  81  7:52  Roach Warren  
  80  8:12  Drone x3  
  83  8:13  Spire, Drone  
  83  8:14  Zerg Melee Weapons Level 2  
  83  8:20  Zergling x4  
  83  8:21  Zergling x6  
  83  8:24  Drone  
  83  8:25  Drone x2  
  91  8:36  Extractor, Drone  
  91  8:44  Roach x3  
  91  8:45  Zergling x6, Roach x4  
  108  8:50  Drone  
  109  9:00  Baneling  
  109  9:02  Baneling  
  107  9:13  Roach x3  
  107  9:14  Roach x2  
  110  9:32  Overlord x3  
  110  9:33  Overlord x2  
  110  9:37  Lair  
  107  9:42  Mutalisk x2  
  111  9:52  Zergling x8  
  103  10:05  Mutalisk x5  
  103  10:06  Mutalisk x4  
  119  10:30  Zerg Missile Weapons Level 2  
  119  10:37  Mutalisk x4  
  119  10:38  Mutalisk x6  
  119  10:42  Overlord x2  
  139  10:56  Baneling x5  
  139  10:57  Baneling x3  
  139  11:07  Mutalisk x7  
  139  11:08  Mutalisk x2  
  139  11:09  Roach x3  
  150  11:42  Mutalisk  
  150  11:43  Mutalisk x4  
  158  12:02  Overlord x4  
  146  12:32  Baneling x2  
  146  12:33  Baneling x5  
  146  12:34  Baneling  
  142  12:46  Zerg Ground Armor Level 2  
  122  12:58  Mutalisk x3  
  122  12:59  Mutalisk x4  
  118  13:20  Ravager x2  
  118  13:21  Ravager  
  119  13:37  Drone x3  
  106  13:53  Drone  
  106  13:54  Hatchery  
  106  14:14  Roach x7  
  106  14:15  Roach x8  
  106  14:16  Mutalisk, Roach x3  
Tags
 
League
Silver
Matchup
ZvZ
Race
Zerg
Spawn Locations
Cross Positions
Add a new tag
Caveats
  • Supply blocks, unpowered buildings, or Contaminate may cause inaccurate times.
  • Supply counts are checked every 10 seconds.